 Dungeon Crawl Stone Soup version 0.24-a0-462-ge24419a6ad (console) character file.

Game seed: 14080403609994348402

81 Lexodia the Shield-Bearer (level 4, -1/35 HPs)
             Began as a Demonspawn Fighter on July 2, 2019.
             Slain by a water moccasin (2 damage)
             ... on level 3 of the Dungeon.
             The game lasted 00:03:00 (1339 turns).

Lexodia the Shield-Bearer (Demonspawn Fighter)      Turns: 1339, Time: 00:03:01

Health: -1/35      AC:  7    Str: 17    XL:     4   Next: 19%
Magic:  4/4        EV:  7    Int: 10    God:
Gold:   117        SH:  9    Dex: 14    Spells: 3/3 levels left

rFire    . . .     SeeInvis .   a - +0 war axe
rCold    . . .     Gourm    .   c - +0 shield
rNeg     . . .     Faith    .   b - +0 scale mail
rPois    .         Spirit   .   (no helmet)
rElec    .         Reflect  .   k - +0 cloak
rCorr    .         Harm     .   (no gloves)
MR       .....                  (no boots)
Stlth    +.........             (no amulet)
HPRegen  0.11/turn              (no ring)
MPRegen  0.09/turn              (no ring)

@: lethally poisoned (-1 -> -12)
A: thin skeletal structure 1
a: no special abilities


You were on level 3 of the Dungeon.
You were not hungry.

You visited 1 branch of the dungeon, and saw 4 of its levels.

You collected 117 gold pieces.

Inventory:

Hand Weapons
 a - a +0 war axe (weapon)
Armour
 b - a +0 scale mail (worn)
 c - a +0 shield (worn)
 k - a +0 cloak (worn)
Scrolls
 e - 2 scrolls of immolation {unknown}
 h - a scroll of fog {unknown}
 j - 3 scrolls of identify {unknown}
 l - a scroll of fear {unknown}
 m - 4 scrolls of teleportation {unknown}
 n - 2 scrolls of remove curse {unknown}
 q - a scroll of random uselessness {unknown}
Potions
 d - a potion of might
 g - a potion of agility
 p - a potion of flight {unknown}
Comestibles
 f - 6 rations
 i - 2 chunks of flesh


   Skills:
 - Level 3.0 Fighting
 - Level 2.0 Axes
 - Level 3.0 Armour
 + Level 4.3 Shields


You had 3 spell levels left.
You didn't know any spells.
Your spell library was empty.

Dungeon Overview and Level Annotations

Branches:
Dungeon (4/15)
 Temple: D:4-7

Altars:


Innate Abilities, Weirdness & Mutations

You have a somewhat thin skeletal structure. (Dex +2, Stealth)


Message History

The water moccasin bites you!
* * * LOW HITPOINT WARNING * * *
You are lethally poisoned!
The water moccasin poisons you!
Huge Dmg: -20%(-7hp) hp: 26%(9hp) Unknown command.
It was a potion of agility.
You feel agile all of a sudden.
* * * LOW HITPOINT WARNING * * *
You feel sick. The water moccasin bites you.
* * * LOW HITPOINT WARNING * * *
Huge Dmg: -20%(-7hp) hp: 6%(2hp) It was a potion of cancellation.
Your magical effects are unravelling.
You feel magically purged.
You feel a little less agile now.
* * * LOW HITPOINT WARNING * * *
You feel sick. The water moccasin barely misses you.
The water moccasin bites you.
You die... +##.. ...# ...# ..# go#

#K# #S# #@# #.# #.
#.# # #.##.# #.
#.##.# #..###.##.#
#....#.##.########
#................
.###.##.##.########


You could see a water moccasin, an orc, a hobgoblin and a kobold.

Vanquished Creatures
  An adder (D:2)
  A worm (D:3)
  2 dart slugs (D:1)
  3 leopard geckos
  11 giant cockroaches
  11 goblins
  6 hobgoblins
  5 jackals (D:2)
  2 bats (D:1)
  3 frilled lizards
  3 kobolds
  5 rats
53 creatures vanquished.

Notes
Turn   | Place    | Note
-------+----------+-------------------------------------------
     0 | D:1      | Lexodia the Demonspawn Fighter began the quest for the Orb.
     0 | D:1      | Reached XP level 1. HP: 18/18 MP: 1/1
    42 | D:1      | Huge Dmg: 5 dmg
   118 | D:1      | Huge Dmg: 3 dmg
   176 | D:1      | Gained mutation: You have a somewhat thin skeletal
                  | structure. (Dex +2, Stealth) [demonic ancestry]
   176 | D:1      | Reached XP level 2. HP: 16/24 MP: 2/2
   217 | D:1      | Reached skill level 3 in Shields
   765 | D:2      | Huge Dmg: 6 dmg
   765 | D:2      | Reached XP level 3. HP: 22/29 MP: 3/3
   853 | D:2      | Reached skill level 4 in Shields
   970 | D:2      | Reached XP level 4. HP: 27/35 MP: 4/4
  1324 | D:3      | Noticed a water moccasin
  1335 | D:3      | Huge Dmg: 6 dmg
  1338 | D:3      | Huge Dmg: 7 dmg
  1339 | D:3      | Huge Dmg: 7 dmg
  1339 | D:3      | HP: 1/35 [poisoned by a water moccasin]
  1339 | D:3      | Slain by a water moccasin

Levels and vault maps discovered:
D:1:      tarquinn_simple_flora_water_d, layout_basic
D:2:      minmay_roachtagon, layout_rooms
D:3:      layout_basic, uniq_jessica
D:4:      layout_loops_corners, overflow_temple_1_default,
          amethyst_overflow_temple_binary, gammafunk_temple_overflow_elements,
          first_ration

Skill      XL: |  1  2  3 |
---------------+----------+-----
Axes           | 2 |  2.0
Armour         | 3 |  3.0
Shields        | 3 4 |  4.3
Fighting       | |  3.0

Action                   |  1- 3 |  4- 6 || total
-------------------------+-------+-------++-------
Melee: War axe           |   124 |    33 ||   157
  Use: Potion            |       |     2 ||     2
  Eat: Chunk             |     1 |     1 ||     2
Armor: Scale mail        |    88 |     8 ||    96
Dodge: Dodged            |    44 |     8 ||    52
Block: Shield            |    78 |    15 ||    93

Table legend:
 A = Non-vault XP
 B = Vault XP
 C = Vault XP percentage of total XP
 D = Non-vault monster count
 E = Vault monster count
 F = Vault count percentage of total count
                 A         B        C        D         E       F
            +---------+---------+-------+---------+---------+-------
      Total |      98 |      18 |  15.5 |      44 |       9 |  17.0
            +---------+---------+-------+---------+---------+-------
        D:1 |      39 |       0 |   0.0 |      21 |       0 |   0.0
        D:2 |      47 |      18 |  27.7 |      18 |       9 |  33.3
        D:3 |      12 |       0 |   0.0 |       5 |       0 |   0.0
            +---------+---------+-------+---------+---------+-------
